 Dungeon Crawl Stone Soup version 0.24.0-13-gcf9b319 (webtiles) character file.

Game seed: 13948464935656733340, levelgen mode: deterministic

9269 Carbide the Carver (level 11, -3/94 HPs)
             Began as a Minotaur Fighter on Apr 16, 2020.
             Was an Elder of Trog.
             Slain by a komodo dragon (8 damage)
             ... on level 2 of the Lair of Beasts.
             The game lasted 00:55:07 (10282 turns).

Carbide the Carver (Minotaur Fighter)              Turns: 10282, Time: 00:55:08

Health: -3/94      AC: 15    Str: 24    XL:     11   Next: 20%
Magic:  0/10       EV: 12    Int:  5    God:    Trog [****..]
Gold:   547        SH:  0    Dex: 10    Spells: 10/10 levels left

rFire    . . .     SeeInvis +   a - +1 long sword
rCold    + + .     Gourm    .   (no shield)
rNeg     . . .     Faith    .   h - +1 scale mail
rPois    +         Spirit   +   (helmet restricted)
rElec    .         Reflect  .   B - +0 cloak {MR+}
rCorr    +         Harm     .   x - +0 pair of gloves
MR       +....                  H - +2 pair of boots
Stlth    ..........             i - amulet of guardian spirit
HPRegen  0.25/turn              y - ring of poison resistance
MPRegen  0.12/turn              C - ring "Xeowuxes" {+Blink +Inv rC++ rCorr SInv}

@: berserk cooldown, slowed, very slow
A: retaliatory headbutt, horns 2
a: Berserk, Trog's Hand, Brothers in Arms, Renounce Religion, Evoke Blink, Evoke
Invisibility


You were on level 2 of the Lair of Beasts.
You worshipped Trog.
Trog was greatly pleased with you.
You were not hungry.

You visited 3 branches of the dungeon, and saw 12 of its levels.
You also visited: Ossuary.

You collected 547 gold pieces.

Inventory:

Hand Weapons
 a - a +1 long sword (weapon)
 b - a +4 quarterstaff
 M - a +1 short sword of draining
 S - a +0 hand crossbow
Missiles
 j - 49 bolts
 q - 8 javelins (quivered)
 R - 2 atropa-tipped darts
Armour
 c - a +0 shield
 h - a +1 scale mail (worn)
 x - a +0 pair of gloves (worn)
 B - a +0 cloak of magic resistance (worn)
 H - a +2 pair of boots (worn)
 T - a +1 cloak
Jewellery
 i - an amulet of guardian spirit (around neck)
 s - an uncursed ring of see invisible
 t - a +5 ring of intelligence
 y - a ring of poison resistance (left hand)
 C - the ring "Xeowuxes" (right hand) {+Blink +Inv rC++ rCorr SInv}
   (You found it on level 4 of the Dungeon)

   [ring of resist corrosion]

   It greatly protects you from cold.
   It lets you see invisible.
   It lets you turn invisible.
   It lets you blink.
   It provides partial protection from all sources of acid and corrosion.
 G - an uncursed ring of resist corrosion
Wands
 F - a wand of acid (24)
 I - a wand of paralysis (13)
 K - a wand of disintegration (16)
Scrolls
 g - 8 scrolls of remove curse
 k - 7 scrolls of teleportation
 o - a scroll of enchant armour
 r - a scroll of magic mapping {unknown}
 u - a scroll of random uselessness {unknown}
 v - a scroll of noise {unknown}
 A - a scroll of blinking {unknown}
 D - 2 scrolls of amnesia {unknown}
 L - 2 scrolls of brand weapon {unknown}
 N - 2 scrolls of fear
 O - a scroll of immolation {unknown}
 P - 2 scrolls of identify
Potions
 d - 2 potions of might
 e - 3 potions of heal wounds
 l - 2 potions of lignification
 m - 5 potions of curing
 n - a potion of agility {unknown}
 p - a potion of degeneration {unknown}
 w - 2 potions of cancellation
 z - 7 potions of haste
 E - 3 potions of flight {unknown}
 J - a potion of invisibility {unknown}
 Q - a potion of brilliance
Comestibles
 f - 10 rations


   Skills:
 + Level 8.1 Fighting
 + Level 11.1 Long Blades
   Level 0.1(2.5) Polearms
 + Level 4.3 Staves
 + Level 3.6 Crossbows
 + Level 2.3 Throwing
 * Level 9.3 Armour
 * Level 5.7 Dodging
 + Level 1.9 Stealth
 * Level 10.4 Shields
 + Level 0.5 Evocations


You had 10 spell levels left.
You didn't know any spells.
Your spell library was empty.

Dungeon Overview and Level Annotations

Branches:
Dungeon (9/15)             Temple (1/1) D:6            Lair (1/6) D:9
 Shoals (0/4) Lair:2      Ossuary (visited)
    Orc: D:9-12

Altars:
Ashenzari
Cheibriados
Dithmenos
Elyvilon
Fedhas
Gozag
Hepliaklqana
Kikubaaqudgha
Makhleb
Nemelex Xobeh
Okawaru
Qazlal
Ru
Sif Muna
Trog
Uskayaw
Vehumet
Wu Jian
Xom
Yredelemnul
Zin
The Shining One

Shops:
D:5 (

Annotations:
D:7 1 runed translucent door


Innate Abilities, Weirdness & Mutations

You reflexively headbutt those who attack you in melee.
You have a pair of horns on your head.


Message History

The yak closely misses you. You furiously retaliate!
You headbutt the yak! You hit the yak. You headbutt the yak.
The yak is heavily wounded.
The yak misses you.
You riposte.
You slash the yak! You headbutt the yak!
The yak is almost dead.
You hit the yak.
The yak is almost dead.
The yak gores you.
* * * LOW HITPOINT WARNING * * *
The komodo dragon bites you!
* * * LOW HITPOINT WARNING * * *
You slash the komodo dragon!
The komodo dragon is moderately wounded.
The yak barely misses you. The komodo dragon bites you!
* * * LOW HITPOINT WARNING * * *
The yak gores you but does no damage.
You hit the komodo dragon. Your headbutt misses the komodo dragon.
The komodo dragon is heavily wounded.
The komodo dragon bites you!
You die...

#.......≈≈≈≈≈≈.
#.......≈≈≈≈≈≈.
##.P####.(≈≈≈≈≈.
#....###...≈≈...
##..#...(......#
#........#.....
#.##...(.%....#
#..†.†#....#
##.@l##.Y..#
#.Y)## ....
........ .Y.#
#........ Y..
#.........
#...........
##...........
#............ .Y
.... ..##...##


You could see a komodo dragon and a yak.

Vanquished Creatures
  A hydra (Lair:2)
  A two-headed ogre (D:9)
  4 spiny frogs
  A hippogriff (Lair:2)
  A human (D:7)
  9 yaks
  3 hogs (D:7)
  A soldier ant (D:7)
  3 porcupines
  2 water moccasins
  2 sky beasts
  An orc warrior (D:8)
  A black bear (D:9)
  2 ice beasts
  4 ogres
  3 phantoms
  A centaur (Lair:2)
  4 crocodiles
  2 big kobolds
  An elf zombie (Ossuary)
  11 bullfrogs
  2 scorpions
  8 killer bees
  2 howler monkeys
  4 crimson imps
  2 hounds (D:4)
  4 jellies
  A bullfrog zombie (D:2)
  A human zombie (Ossuary)
  3 orc priests
  4 orc wizards
  2 iguanas
  Jessica (D:2)
  A bullfrog skeleton (D:9)
  9 worker ants
  Natasha (twice) (D:3)
  2 big kobold zombies (Ossuary)
  2 mummies (Ossuary)
  A hound skeleton (D:4)
  9 adders
  A river rat (D:3)
  An ooze (D:2)
  An adder zombie (Ossuary)
  2 adder skeletons
  2 worms (D:3)
  2 dart slugs
  2 leopard geckos
  23 orcs
  11 giant cockroaches
  7 goblins
  10 hobgoblins
  12 jackals
  2 quokkas
  A ball python (D:3)
  5 bats
  7 frilled lizards
  2 goblin zombies (Ossuary)
  9 hobgoblin zombies (Ossuary)
  A jackal zombie (Ossuary)
  12 kobolds
  11 kobold zombies (Ossuary)
  A leopard gecko skeleton (D:3)
  7 orc zombies (Ossuary)
  6 rats
  A rat zombie (Ossuary)
257 creatures vanquished.

Vanquished Creatures (others)
  A fungus (Lair:2)
  9 plants (Lair:2)
10 creatures vanquished.

Grand Total: 267 creatures vanquished

Notes
Turn   | Place    | Note
-------+----------+-------------------------------------------
     0 | D:1      | Carbide the Minotaur Fighter began the quest for the Orb.
     0 | D:1      | Reached XP level 1. HP: 19/19 MP: 0/0
   328 | D:1      | Reached XP level 2. HP: 27/27 MP: 1/1
   845 | D:2      | Reached XP level 3. HP: 32/33 MP: 2/2
   850 | D:2      | Reached skill level 3 in Long Blades
  1215 | D:2      | Reached XP level 4. HP: 41/41 MP: 3/3
  1253 | D:2      | Noticed Jessica
  1273 | D:2      | Killed Jessica
  1273 | D:2      | Reached skill level 1 in Dodging
  1923 | D:3      | Reached XP level 5. HP: 45/47 MP: 4/4
  2155 | D:3      | Reached skill level 4 in Long Blades
  2328 | D:3      | Noticed Natasha
  2342 | D:3      | Killed Natasha
  2350 | D:3      | Found a sacrificial altar of Ru.
  2474 | D:3      | Found a sparkling altar of Nemelex Xobeh.
  2474 | D:3      | Found a hazy altar of Hepliaklqana.
  2479 | D:3      | Found a faded altar of an unknown god.
  2482 | D:3      | Found a basalt altar of Yredelemnul.
  2484 | D:3      | Found a faded altar of an unknown god.
  2785 | D:3      | Noticed Natasha
  2790 | D:3      | Killed Natasha
  3076 | D:4      | Found a glowing silver altar of Zin.
  3218 | D:4      | Reached XP level 6. HP: 55/55 MP: 5/5
  3233 | D:4      | Got a sparkling lapis lazuli ring
  3244 | D:4      | Reached skill level 5 in Fighting
  3244 | D:4      | Reached skill level 5 in Long Blades
  3244 | D:4      | Reached skill level 5 in Shields
  3345 | D:4      | Reached skill level 5 in Armour
  3557 | D:4      | Reached XP level 7. HP: 57/61 MP: 4/6
  4074 | D:4      | Identified the ring "Xeowuxes" {+Blink +Inv rC++ rCorr
                  | SInv} (You found it on level 4 of the Dungeon)
  4229 | D:5      | Entered Level 5 of the Dungeon
  4261 | D:5      | Reached skill level 6 in Long Blades
  4482 | D:5      | Found Kayrhim's Weapon Shoppe.
  4970 | D:6      | Reached skill level 7 in Long Blades
  4970 | D:6      | Reached XP level 8. HP: 67/69 MP: 5/7
  4982 | D:6      | Reached skill level 1 in Crossbows
  5050 | D:6      | Reached skill level 1 in Stealth
  5100 | D:6      | Found a staircase to the Ecumenical Temple.
  5111 | Temple   | Entered the Ecumenical Temple
  5272 | Temple   | Became a worshipper of Trog the Wrathful
  5531 | D:6      | Reached skill level 8 in Long Blades
  5655 | D:6      | Reached skill level 1 in Throwing
  6098 | D:7      | Reached XP level 9. HP: 72/75 MP: 8/8
  6127 | D:7      | Reached skill level 9 in Long Blades
  6225 | D:7      | Reached * piety under Trog
  6580 | D:7      | Found a runed translucent door.
  6589 | D:7      | Found a runed translucent door.
  7232 | D:8      | Found a sand-covered staircase.
  7248 | Ossuary  | Entered an ossuary
  7284 | Ossuary  | Reached ** piety under Trog
  7391 | Ossuary  | Reached skill level 10 in Long Blades
  8141 | D:9      | Reached XP level 10. HP: 74/84 MP: 6/9
  8225 | D:9      | Found a staircase to the Lair.
  8253 | D:9      | Noticed a two-headed ogre
  8268 | D:9      | Killed a two-headed ogre
  8268 | D:9      | Reached *** piety under Trog
  8879 | Lair:1   | Entered Level 1 of the Lair of Beasts
  9033 | Lair:1   | Noticed a spiny frog
  9050 | Lair:1   | Killed a spiny frog
  9326 | Lair:1   | You fall into a shaft and drop 1 floor!
  9326 | Lair:2   | Noticed a spiny frog
  9327 | Lair:2   | Noticed a spiny frog
  9332 | Lair:2   | Killed a spiny frog
  9332 | Lair:2   | Reached skill level 1 in Staves
  9339 | Lair:2   | Killed a spiny frog
  9339 | Lair:2   | Reached skill level 10 in Shields
  9340 | Lair:2   | HP: 4/86 [poisoned by a spiny frog]
  9346 | Lair:2   | HP: 3/86 [poisoned by a spiny frog]
  9352 | Lair:2   | HP: 2/86 [poisoned by a spiny frog]
  9360 | Lair:2   | HP: 2/86 [poisoned by a spiny frog]
  9739 | Lair:2   | Noticed a five-headed hydra
  9756 | Lair:2   | Killed a five-headed hydra
  9756 | Lair:2   | Received a gift from Trog
  9756 | Lair:2   | Reached skill level 5 in Dodging
  9821 | Lair:2   | Noticed a spiny frog
  9847 | Lair:2   | Killed a spiny frog
 10098 | Lair:2   | Reached XP level 11. HP: 93/94 MP: 10/10
 10129 | Lair:2   | Found a staircase to the Shoals.
 10188 | Lair:2   | Reached skill level 11 in Long Blades
 10266 | Lair:2   | Reached **** piety under Trog
 10282 | Lair:2   | Slain by a komodo dragon

Levels and vault maps discovered:
D:1:      nicolae_arrival_memento_mori, layout_rooms, supply_closet_lemuel
D:2:      layout_loops_corners, minmay_misc_feat_columns, minmay_tetromino_t4,
          uniq_jessica
D:3:      lemuel_upstairs_altar, layout_loops_ring,
          chequers_temple_overflow_minitemple, gup_sewer_entry_bubbles,
          serial_bayou_lagoon_a, chequers_serial_rivers_marsh,
          nicolae_ru_awakened_eye, uniq_natasha
D:4:      cheibrodos_helix_gallery, layout_basic, zin_scriptorium,
          serial_co_window_serial, co_window_paths_a, co_window_paths_b,
          co_window_corner_a, co_window_paths_a, co_window_cross_1,
          co_window_of_opportunity_a, co_window_of_opportunity_a,
          co_window_broadway_a, co_window_2corner, co_window_broadway_b,
          co_window_4corner_b, co_window_sun, glass_columns_a, glass_columns_a,
          glass_columns_b
D:5:      layout_loops_ring, first_ration, serial_shops, shop
D:6:      layout_cave_pools, minmay_temple_entry_mist,
          kennysheep_cross_bottleneck
D:7:      lemuel_insect_pit, layout_loops_ring, grunt_livestock,
          corexii_checkpoint_a
D:8:      layout_rooms, enter_ossuary_5
D:9:      layout_long_grid, lair_entry_dummy
Temple:   dpeg_five_rooms_temple
Lair:1:   layout_chaotic_city
Lair:2:   layout_regular_city, minmay_shoals_entry_centaurs, lemuel_fruit_tree,
          grunt_megastairs_2, infiniplex_staircase_pool

Skill      XL: |  1  2  3  4  5  6  7  8  9 10 11 |
---------------+----------------------------------+-----
Fighting       | 4 5 6 7 8 |  8.1
Armour         | 4 5 6 7 8 9 |  9.3
Shields        | 4 5 6 7 8 10 | 10.4
Long Blades    | 3 4 5 7 8 10 11 | 11.1
Dodging        | 1 2 3 5 |  5.7
Crossbows      | 2 3 |  3.6
Stealth        | 1 |  1.9
Throwing       | 2 |  2.3
Staves         | 3 4 |  4.3
Polearms       | |  0.1
Evocations     | |  0.5

Action                   |  1- 3 |  4- 6 |  7- 9 | 10-12 || total
-------------------------+-------+-------+-------+-------++-------
Melee: Spear             |     9 |       |       |       ||     9
       Long sword        |    60 |   157 |   405 |   153 ||   775
       Headbutt          |    12 |    32 |    81 |    56 ||   181
       Quarterstaff      |       |       |       |    42 ||    42
 Fire: Hand crossbow     |       |       |    27 |    13 ||    40
Throw: Javelin           |       |       |    12 |     1 ||    13
Invok: Berserk           |       |       |       |     1 ||     1
Evoke: Wand              |       |       |     3 |     1 ||     4
  Use: Scroll            |     3 |     4 |     3 |     2 ||    12
       Potion            |       |       |     1 |       ||     1
  Eat: Ration            |       |     2 |     2 |     3 ||     7
       Chunk             |       |     3 |     7 |       ||    10
Armor: Scale mail        |    28 |    82 |   120 |    95 ||   325
Dodge: Dodged            |     9 |    50 |    94 |   126 ||   279
Block: Shield            |    35 |    90 |   180 |    52 ||   357
       Rpst.: Long sword |     2 |    20 |    32 |    25 ||    79
